 Dungeon Crawl Stone Soup version 0.27-a0-1579-g97d2440184 (webtiles) character file.

Game seed: 5256093903447959224

80 Leszczynek the Chopper (level 4, -1/33 HPs)
             Began as a Human Gladiator on July 17, 2021.
             Was a Follower of Qazlal.
             Slain by a sky beast (5 damage)
             ... on level 3 of the Dungeon.
             The game lasted 00:05:41 (910 turns).

Leszczynek the Chopper (Human Gladiator)             Turns: 910, Time: 00:05:41

Health: -1/33      AC:  6    Str: 15    XL:     4   Next: 65%
Magic:  4/4        EV: 11    Int:  8    God:    Qazlal [*.....]
Gold:   70         SH:  2    Dex: 15    Spells: 3/3 levels left

rFire    . . .     SeeInvis .   a - +0 war axe
rCold    . . .     Faith    .   (no shield)
rNeg     . . .     Spirit   .   l - +0 ring mail
rPois    .         Reflect  .   c - +0 helmet
rElec    .         Harm     .   (no cloak)
rCorr    +         Rampage  .   (no gloves)
Will     .....                  (no boots)
Stlth    +.........             (no amulet)
HPRegen  0.11/turn              n - ring of resist corrosion
MPRegen  0.09/turn              (no ring)

@: mighty
A: no striking features
a: Renounce Religion


You were on level 3 of the Dungeon.
You worshipped Qazlal.
Qazlal was aware of your devotion.
You visited 1 branch of the dungeon, and saw 4 of its levels.

You collected 70 gold pieces.

Inventory:

Hand Weapons
 a - a +0 war axe (weapon)
Missiles
 d - a throwing net (quivered)
 h - 46 arrows
 k - 2 boomerangs
Armour
 b - a +0 leather armour
 c - a +0 helmet (worn)
 f - a +0 scale mail
 l - a +0 ring mail (worn)
Jewellery
 n - a ring of resist corrosion (left hand)
Scrolls
 g - 2 scrolls of identify {unknown}
 i - a scroll of enchant weapon {unknown}
 j - 2 scrolls of blinking {unknown}
 m - a scroll of enchant armour {unknown}


   Skills:
 + Level 2.0 Fighting
 - Level 5.1 Axes
 - Level 2.0 Throwing
 - Level 3.0 Dodging


You had 3 spell levels left.
You didn't know any spells.
Your spell library was empty.

Dungeon Overview and Level Annotations

Branches:
Dungeon (4/15)
 Temple: D:4-7

Altars:
Qazlal


Message History

You hit the sky beast but do no damage.
The sky beast is moderately wounded.
The sky beast struggles against the net.
You hit the sky beast.
The sky beast is heavily wounded.
The sky beast struggles against the net.
You hit the sky beast but do no damage.
The sky beast is heavily wounded.
The sky beast struggles against the net.
You hit the sky beast.
The sky beast is heavily wounded.
The sky beast flickers out of sight!
Deactivating autopickup; reactivate with Ctrl-A.
Something wriggles in the net.
All of a sudden the net rips apart!
You miss something. Something hits you. Something shocks you.
Something hits you. Something shocks you.
A sky beast appears from thin air!
Reactivating autopickup.
Okay, then.
Unknown command.
It was a potion of might.
You feel very mighty all of a sudden.
The sky beast hits you but does no damage.
You completely miss the sky beast.
The sky beast is heavily wounded.
The sky beast flickers out of sight!
Deactivating autopickup; reactivate with Ctrl-A.
Something hits you. Something shocks you.
* * * LOW HITPOINT WARNING * * *
You closely miss something. Something hits you but does no damage.
You closely miss something. You block something's attack.
You see here a ball python corpse.
A sky beast appears from thin air!
Reactivating autopickup.
You slash the sky beast!
The sky beast is severely wounded.
The sky beast hits you.
* * * LOW HITPOINT WARNING * * *
The sky beast shocks you.
You die...

##..........#.#
##...#####.#.####
##### #.#..†.#
#.####.# #.# #.#
#.# #.# #.# #.#
#[# #Y# #######.#
#@# #.......# #.#
#.####### #.#
#####.# #.#
......# #.#
.....## #.#
####.# #.# #.#
#.# #.# #.#


You could see a sky beast.

Vanquished Creatures
  An orc wizard (D:3)
  An adder (D:3)
  An ufetubus (D:4)
  A dart slug (D:3)
  4 orcs (D:3)
  2 endoplasms (D:2)
  2 goblins
  A hobgoblin (D:3)
  8 jackals
  2 kobolds
  2 quokkas (D:3)
  2 ball pythons
  A bat (D:3)
  A frilled lizard (D:3)
  4 rats
33 creatures vanquished.

Vanquished Creatures (others)
  A plant (D:2)
1 creature vanquished.

Grand Total: 34 creatures vanquished

Notes
Turn   | Place    | Note
-------+----------+-------------------------------------------
     0 | D:1      | Leszczynek the Human Gladiator began the quest for the Orb.
     0 | D:1      | Reached XP level 1. HP: 16/16 MP: 1/1
    91 | D:2      | Reached XP level 2. HP: 17/22 MP: 2/2
   224 | D:2      | Found a faded altar of an unknown god.
   229 | D:2      | Became a worshipper of Qazlal Stormbringer
   229 | D:2      | Reached * piety under Qazlal
   387 | D:3      | Reached skill level 4 in Axes
   387 | D:3      | Reached XP level 3. HP: 19/27 MP: 3/3
   409 | D:3      | Noticed an ice beast
   460 | D:3      | Reached XP level 4. HP: 24/33 MP: 4/4
   637 | D:4      | Noticed an ogre
   821 | D:3      | Reached skill level 5 in Axes
   836 | D:3      | Noticed a sky beast
   894 | D:3      | HP: 4/33 [something (5)]
   910 | D:3      | HP: 4/33 [sky beast (2)]
   910 | D:3      | Slain by a sky beast

Illustrated notes

Levels and vault maps discovered:
D:1:      minmay_arrival_four_loops, layout_basic
D:2:      layout_basic, basic_altar, serial_forest,
          infiniplex_forest_lined_room_2, infiniplex_forest_join,
          infiniplex_forest_straight_3, infiniplex_forest_corner_1,
          infiniplex_forest_diagonal, infiniplex_forest_clump_small,
          basic_ecumenical_altar
D:3:      minmay_diamond_boxcup, layout_loops_ring, kennysheep_generic_room_3
D:4:      layout_rooms, minmay_temple_entry_purple_smoke, uniq_edmund,
          uniq_pikel, uniq_duvessa

Skill      XL: |  1  2  3  4 |
---------------+-------------+-----
Axes           | 4 5 |  5.1
Fighting       | |  2.0
Throwing       | |  2.0
Dodging        | |  3.0

Action                   |  1- 3 |  4- 6 || total
-------------------------+-------+-------++-------
Melee: War axe           |    66 |    39 ||   105
Throw: Throwing net      |       |     2 ||     2
  Use: Potion            |       |     1 ||     1
Armor: Leather armour    |     7 |       ||     7
       Scale mail        |    24 |     3 ||    27
       Ring mail         |       |    16 ||    16
Dodge: Dodged            |    40 |    17 ||    57
Block: Other             |     1 |     7 ||     8

Table legend: (Time is in decaauts)
 A = Elapsed time spent in this place.
 B = Non-inter-level travel time spent in this place.
 C = Inter-level travel time spent in this place.
 D = Time resting spent in this place.
 E = Time spent auto-exploring this place.
 F = Levels seen in this place.
 G = Mean time per level.
                   A        B        C        D        E       F      G
               +--------+--------+--------+--------+--------+-----+--------+
         Total |    941 |    926 |     15 |      0 |      0 |   4 |  235.2 |
       Dungeon |    941 |    926 |     15 |      0 |      0 |   4 |  235.2 |
               +--------+--------+--------+--------+--------+-----+--------+

Top non-repeatable levels by time:
     D:3: 575 daAuts
     D:2: 243 daAuts
     D:4: 88 daAuts
     D:1: 34 daAuts
